Construct Light Support Kompanie
Selects Armored Support Battlegroup
Selects Superior Fire Drills
Construct Mechanized Kompanie
Panzerjäger Mechanized Group
254 Reconnaissance Tractor
Construct Panzerarmee Kommand
Marder III Tank Destroyer
Selects Stuka Anti-tank Loiter
18-tonne Recovery Half-track
Selects Flammpanzer III Medium Tank
Selects Command Panzer IV F Medium Tank